Map: King Sejong Station LE

Players

LolWtfRofl

  • Race: Protoss Protoss
  • League: Gold

Nickos - Winner!

  • Race: Terran Terran
  • League: Gold

VOD

Have the link to the VOD?

Description

Time

  • Played on: Sept. 26, 2016, 11:29 p.m.
  • Length: 14:14
Show
View Real Time Build Order
Export as new Build Order

LolWtfRofl Protoss 

Build Orders:  

Get SALT Encoding   

  12  0:01  Probe (Chrono Boost)  
  13  0:13  Pylon  
  13  0:18  Probe (Chrono Boost)  
  14  0:29  Probe (Chrono Boost)  
  15  0:39  Probe (Chrono Boost)  
  16  0:46  Gateway  
  17  0:50  Probe (Chrono Boost)  
  17  0:54  Assimilator  
  17  1:00  Probe (Chrono Boost)  
  18  1:05  Pylon  
  18  1:11  Probe (Chrono Boost)  
  19  1:14  Assimilator  
  19  1:21  Probe (Chrono Boost)  
  20  1:31  Pylon  
  20  1:38  Cybernetics Core, Probe (Chrono Boost)  
  21  1:49  Probe (Chrono Boost)  
  22  2:02  Probe (Chrono Boost)  
  23  2:12  Warp Gate  
  23  2:14  Gateway  
  23  2:15  Mothership Core (Chrono Boost)  
  25  2:29  Nexus  
  25  2:33  Stalker  
  27  2:54  Gateway  
  27  2:57  Probe (Chrono Boost)  
  27  2:58  Forge  
  28  3:05  Stalker  
  30  3:15  Stalker  
  32  3:32  Pylon  
  32  3:35  Photon Cannon  
  32  3:40  Adept  
  35  3:48  Probe (Chrono Boost)  
  35  3:50  Probe (Chrono Boost)  
  36  4:06  Photon Cannon  
  36  4:17  Probe (Chrono Boost)  
  36  4:19  Probe (Chrono Boost)  
  36  4:20  Stalker x2  
  42  4:45  Probe (Chrono Boost)  
  44  4:46  Probe (Chrono Boost)  
  44  4:55  Probe (Chrono Boost)  
  44  4:57  Nexus  
  44  4:58  Probe (Chrono Boost)  
  46  5:00  Pylon  
  46  5:05  Twilight Council  
  46  5:07  Protoss Ground Weapons Level 1  
  46  5:10  Pylon  
  46  5:15  Pylon  
  46  5:22  Probe (Chrono Boost)  
  46  5:24  Probe (Chrono Boost)  
  48  5:36  Gateway, Blink  
  48  5:37  Adept x2  
  48  5:38  Adept  
  54  5:55  Probe (Chrono Boost)  
  56  5:57  Probe (Chrono Boost)  
  56  6:01  Photon Cannon  
  56  6:11  Probe x2 (Chrono Boost)  
  59  6:12  Probe (Chrono Boost)  
  59  6:13  Stalker  
  59  6:14  Stalker  
  59  6:18  Photon Cannon  
  63  6:24  Stalker  
  64  6:39  Probe (Chrono Boost)  
  67  6:40  Probe (Chrono Boost)  
  67  6:41  Probe (Chrono Boost), Stalker  
  67  6:42  Stalker x2  
  73  6:52  Robotics Facility  
  73  6:59  Forge  
  73  7:00  Probe (Chrono Boost)  
  75  7:01  Probe x2 (Chrono Boost)  
  75  7:06  Pylon  
  76  7:10  Probe (Chrono Boost)  
  76  7:13  Probe (Chrono Boost)  
  76  7:15  Protoss Ground Armor Level 1  
  78  7:20  Photon Cannon  
  78  7:24  Assimilator  
  78  7:25  Charge  
  78  7:26  Assimilator  
  78  7:32  Zealot x2  
  78  7:33  Zealot  
  78  7:34  Zealot  
  86  7:41  Immortal  
  86  7:43  Probe (Chrono Boost)  
  93  7:44  Probe (Chrono Boost)  
  93  7:45  Probe (Chrono Boost)  
  93  7:51  Protoss Ground Weapons Level 2  
  93  7:54  Probe (Chrono Boost)  
  93  7:55  Probe (Chrono Boost)  
  95  8:02  Pylon  
  95  8:03  Pylon  
  95  8:05  Pylon  
  95  8:13  Probe x2 (Chrono Boost)  
  95  8:14  Robotics Facility  
  95  8:15  Probe (Chrono Boost)  
  95  8:17  Assimilator  
  98  8:20  Pylon  
  98  8:24  Assimilator  
  98  8:25  Photon Cannon  
  98  8:28  Zealot x2  
  98  8:29  Zealot  
  70  9:02  Zealot x4  
  70  9:10  Mothership Core (Chrono Boost)  
  58  9:33  Observer x2  
  58  9:37  Nexus  
  60  9:44  Pylon  
  60  9:48  Stalker x2  
  60  9:49  Stalker x2  
  68  9:55  Gateway  
  68  10:15  Photon Cannon  
  68  10:19  Immortal x2  
  76  10:26  Probe (Chrono Boost)  
  76  10:27  Probe (Chrono Boost)  
  78  10:43  Stalker x2  
  78  10:45  Stalker x2  
  86  10:54  Gateway  
  64  11:48  Zealot x5  
  74  11:59  Probe (Chrono Boost)  
  74  12:00  Probe (Chrono Boost)  
  74  12:01  Probe (Chrono Boost)  
  77  12:10  Probe (Chrono Boost)  
  77  12:11  Probe (Chrono Boost)  
  77  12:13  Probe (Chrono Boost)  
  80  12:19  Photon Cannon  
  80  12:20  Photon Cannon  
  80  12:26  Sentry x2  
  80  12:27  Sentry x3  
  90  12:39  Probe x2 (Chrono Boost)  
  90  12:41  Probe (Chrono Boost)  
  93  12:45  Photon Cannon x2  
  93  12:51  Stalker x2  
  79  13:08  Zealot x2  
  79  13:09  Zealot x2  
Show
View Real Time Build Order
Export as new Build Order

Nickos Terran - Winner!

Build Orders: MMM Bio 

Get SALT Encoding   

  12  0:01  SCV  
  13  0:13  SCV  
  14  0:21  Supply Depot  
  14  0:25  SCV  
  15  0:43  SCV  
  15  0:44  Barracks  
  16  0:55  SCV  
  17  1:07  SCV  
  18  1:18  Command Center  
  18  1:22  SCV  
  19  1:31  Marine  
  20  1:34  Orbital Command  
  20  1:49  Marine  
  20  1:52  Barracks  
  21  1:58  Supply Depot  
  21  2:04  SCV  
  22  2:09  Marine  
  23  2:20  SCV  
  24  2:27  Marine  
  25  2:31  Orbital Command  
  25  2:32  SCV  
  25  2:35  Barracks  
  26  2:38  Refinery  
  26  2:41  Refinery  
  25  2:44  SCV  
  25  2:45  Marine  
  25  2:46  Marine  
  25  2:51  Bunker  
  28  3:03  SCV  
  28  3:04  SCV  
  30  3:06  Marine x2  
  32  3:15  SCV  
  32  3:16  SCV  
  34  3:25  Barracks Tech Lab  
  36  3:27  Barracks Reactor, SCV  
  36  3:28  SCV  
  36  3:30  Barracks Reactor  
  36  3:40  SCV x2  
  38  3:49  Stimpack  
  38  3:52  Marine, SCV x2  
  41  4:04  Marine x2, SCV x2  
  41  4:07  Factory  
  45  4:10  Marine  
  46  4:22  Marine  
  46  4:52  Bunker  
  46  4:57  Factory Reactor  
  46  5:01  Starport  
  46  5:03  Barracks  
  46  5:04  Barracks x2  
  46  5:07  Engineering Bay x2  
  46  5:09  Command Center  
  46  5:19  Refinery  
  46  5:35  Terran Infantry Weapons Level 1, Terran Infantry Armor Level 1  
  46  5:41  Barracks  
  46  5:49  Missile Turret  
  46  5:50  Combat Shields  
  46  5:54  Barracks Tech Lab, Missile Turret  
  46  5:55  Barracks Tech Lab, Barracks Reactor  
  46  6:10  Supply Depot  
  46  6:12  Supply Depot  
  46  6:14  Supply Depot, Marine x4  
  46  6:15  Marauder, SCV x2  
  54  6:20  Widow Mine  
  54  6:21  Marauder x2  
  60  6:27  SCV  
  61  6:37  SCV  
  61  6:39  SCV  
  63  6:43  Marauder x3  
  63  6:44  Marine x5  
  63  6:45  Marine  
  75  6:47  Supply Depot  
  75  6:49  Supply Depot x2  
  75  6:55  Medivac  
  75  7:00  SCV x2  
  79  7:01  Marine  
  79  7:04  Marauder, Marine  
  83  7:09  Orbital Command  
  83  7:12  SCV  
  83  7:13  Supply Depot  
  83  7:15  Supply Depot  
  84  7:18  Marine x3  
  84  7:20  Marauder  
  89  7:23  Medivac  
  91  7:39  Marine x5  
  91  7:40  Marine x2  
  91  7:41  Marauder  
  100  7:45  SCV x2  
  100  7:50  Armory  
  102  7:55  Supply Depot  
  102  7:57  Supply Depot  
  102  8:01  SCV x2  
  104  8:06  Concussive Shells  
  104  8:13  SCV  
  105  8:21  Marine x5  
  105  8:22  Marine  
  105  8:23  Marauder x3  
  112  8:44  Marauder x2  
  108  8:53  Marine x3  
  108  8:54  Marine x4  
  108  9:00  Medivac x2  
  107  9:05  Marine x2  
  109  9:11  Marine x2  
  109  9:13  Marauder  
  107  9:23  Marauder  
  91  9:26  Marauder  
  91  9:30  Medivac x2  
  93  9:34  Marauder  
  95  9:39  Marine x5  
  95  9:40  Marine  
  95  9:45  Marauder  
  103  9:47  Marauder  
  103  9:51  SCV x3  
  103  9:52  Terran Infantry Weapons Level 2  
  108  9:55  Marauder  
  108  9:57  Marine  
  108  9:58  Refinery  
  111  10:00  Medivac, Marine x2  
  111  10:01  Marine x3  
  118  10:07  Command Center  
  118  10:09  Marauder x2  
  122  10:14  SCV x2  
  122  10:15  SCV  
  122  10:17  Marauder  
  127  10:25  Marine x2  
  127  10:26  SCV, Marine x4  
  134  10:31  Marauder  
  134  10:32  SCV x2  
  134  10:34  Marauder  
  140  10:38  Marauder  
  140  10:52  Marauder  
  140  10:55  Marauder  
  144  11:02  Liberator  
  144  11:03  Liberator  
  144  11:14  Marine x3  
  144  11:15  Marine x5  
  144  11:16  Marauder  
  143  11:34  Marauder x2  
  143  11:36  Marine  
  143  11:37  Marine x4  
  143  11:38  Marauder, Marine  
  143  11:39  Terran Infantry Armor Level 2  
  136  11:54  Marine  
  136  11:55  Marauder x2  
  136  11:56  Liberator x2, Marine x2  
  136  11:57  Marine x3  
  136  11:59  Marauder  
  146  12:11  Command Center  
  146  12:12  Marine  
  146  12:14  Marine x2  
  146  12:15  Marine x3  
  156  12:16  Marauder x2  
  156  12:21  Marauder  
  164  12:25  Refinery  
  164  12:28  SCV x3  
  167  12:30  Marine  
  167  12:32  Marine x2  
  170  12:37  Marine x2  
  172  12:56  Marauder, Marine  
  172  12:58  Marauder  
  172  12:59  Marine x3  
  172  13:00  SCV  
  172  13:01  Medivac, Marauder  
  169  13:07  Marine x2  
  171  13:14  Medivac, Marine  
  171  13:16  Marine  
  171  13:17  Marine  
  172  13:23  Marauder x3, Marine  
  172  13:28  SCV x3  
  172  13:29  Orbital Command  
  172  13:31  Medivac  
  172  13:40  SCV x2  
  172  14:03  Command Center  
  172  14:07  Command Center  
Tags
 
Add a new tag
Caveats
  • Supply blocks, unpowered buildings, or Contaminate may cause inaccurate times.
  • Supply counts are checked every 10 seconds.